 Dungeon Crawl Stone Soup version 0.31-a0-963-ga325b2283a (webtiles) character file.

Game seed: 10930120610301876940

7321 bmj180 the Destroyer (level 11, -4/77 HPs)
             Began as a Human Conjurer on Oct 25, 2023.
             Was a Believer of Sif Muna.
             Slain by an ice dragon (shapeshifter) (7 damage)
             ... on level 9 of the Dungeon.
             The game lasted 00:26:58 (12726 turns).

bmj180 the Destroyer (Human Conjurer)              Turns: 12726, Time: 00:26:59

Health: -4/77      AC: 10    Str:  8    XL:     11   Next: 35%
Magic:  8/21       EV: 13    Int: 22    God:    Sif Muna [**....]
Gold:   526        SH:  0    Dex: 12    Spells: 15/24 levels left

rFire   + + .        a - +7 mace of the Imperium {freeze, Fragile rElec rPois rF+}
rCold   . . .        (no shield)
rNeg    . . .        R - +0 steam dragon scales
rPois   +            u - +1 helmet
rElec   +            (no cloak)
rCorr   .            t - +1 pair of gloves
SInv    +            (no boots)
Will    .....        (no amulet)
Stlth   ++           k - ring of see invisible
HPRegen 0.32/turn    z - ring of protection from fire
MPRegen 0.17/turn

%: no passive effects
@: channelling, very slightly contaminated
A: no striking features
a: Renounce Religion, Channel Magic


You were on level 9 of the Dungeon.
You worshipped Sif Muna.
Sif Muna was pleased with you.
You visited 2 branches of the dungeon, and saw 10 of its levels.

You collected 568 gold pieces.
You spent 42 gold pieces at shops.

Inventory:

Hand Weapons
 a - the +7 mace of the Imperium (weapon) {freeze, Fragile rElec rPois rF+}
   (You took it off an orc warrior on level 9 of the Dungeon)

   rF+:       It protects you from fire.
   rElec:     It insulates you from electricity.
   rPois:     It protects you from poison Fragile: It will be destroyed if
   unequipped.
 f - a +3 war axe of freezing
 g - a +6 flail of freezing
 h - a +5 halberd
 o - a +1 dagger of flaming
 r - a +2 heavy spear
 y - a +0 scythe of protection
 A - a +1 heavy glaive
 D - a +3 long sword
 K - a +2 dagger of pain
 N - a +3 battleaxe
 O - a +5 short sword
 P - a +2 dagger
 Q - a +2 spear
 S - a +4 great sword
 U - a +1 dire flail of protection
 V - a +0 flail of protection
Missiles
 e - 56 stones
 i - 10 boomerangs
 q - 16 poisoned darts (quivered)
 X - a curare-tipped dart
Armour
 n - the +0 kite shield "Fonul" {Int+3}
   (You found it on level 3 of the Dungeon)

   Int+3:     It affects your intelligence (+3).
 t - a +1 pair of gloves (worn)
 u - a +1 helmet (worn)
 B - a +2 robe of fire resistance
 R - +0 steam dragon scales (worn)
Magical Staves
 p - the staff of a wizard's laboratory {rC+ rN+++ Int+4 Dex-3 Ice}
   (You took it off an arcanist on level 9 of the Dungeon)

   [staff of cold]

   Base accuracy: +5 Base damage: 5 Base attack delay: 1.2 This weapon's minimum
   attack delay (0.6) is reached at skill level 12.
   Int+4:     It affects your intelligence (+4).
   Dex-3:     It affects your dexterity (-3).
   rC+:       It protects you from cold.
   rN+++:     It renders you almost immune to negative energy.
   Ice:       It increases the power of your Ice spells.
   It falls into the 'Staves' category.
   It is a one-handed weapon.
 M - a staff of cold
Jewellery
 k - a ring of see invisible (left hand)
 z - a ring of protection from fire (right hand)
Talismans
 E - a flux talisman
Wands
 l - a wand of paralysis (8)
 T - a wand of iceblast (3)
 W - a wand of flame (6)
Scrolls
 j - 2 scrolls of fear
 s - 2 scrolls of teleportation
 v - a scroll of silence {unknown}
Potions
 b - a potion of magic
 d - a potion of enlightenment {unknown}
 m - a potion of lignification {unknown}
 x - 2 potions of resistance
 G - a potion of degeneration {unknown}
 H - 3 potions of haste
 I - a potion of might {unknown}
 J - 2 potions of curing
 L - 2 potions of invisibility


   Skills:
 * Level 4.0 Fighting
 + Level 0.3 Short Blades
 * Level 2.8 Maces & Flails
 + Level 4.0 Throwing
 * Level 5.1 Armour
 + Level 3.5 Dodging
 + Level 3.3 Stealth
 * Level 7.0 Spellcasting
 * Level 8.1 Conjurations
 * Level 3.9 Fire Magic
 * Level 4.0 Air Magic
 * Level 3.7 Earth Magic
 * Level 3.4 Poison Magic
 * Level 3.6 Invocations
 * Level 3.3 Evocations


You had 15 spell levels left.
You knew the following spells:

 Your Spells              Type           Power      Damage    Failure   Level
a - Stone Arrow           Conj/Erth      66%        3d11      2%          3
b - Searing Ray           Conj           86%        2d7       1%          2
c - Foxfire               Conj/Fire      100%       2x1d9     1%          1
d - Poisonous Vapours     Pois/Air       48%        N/A       2%          2
e - Magic Dart            Conj           100%       1d8       1%          1

Your spell library contained the following spells:

 Spells                   Type           Power      Damage    Failure   Level
 Kiss of Death            Conj/Necr      100%       2d13      1%          1
 Sandblast                Erth           48%        2d12      1%          1
 Mephitic Cloud           Conj/Pois/Air  30%        N/A       3%          3
 Dazzling Flash           Conj/Hex       50%        N/A       4%          3
 Passwall                 Tmut/Erth      12%        N/A       6%          2
 Brom's Barrelling Bould  Conj/Erth      33%        2d5       7%          4
 Fulminant Prism          Conj/Hex       12%        3d8       16%         4
 Iskenderun's Mystic Bla  Conj/Tloc      25%        2d7       16%         4
 Confusing Touch          Hex            7%         N/A       24%         3
 Ozocubu's Armour         Ice            7%         N/A       24%         3
 Freezing Cloud           Conj/Ice/Air   12%        6-21      41%         5
 Dispel Undead            Necr           7%         3d8       63%         4
 Passage of Golubria      Tloc           7%         N/A       63%         4
 Silence                  Hex/Air        8%         N/A       69%         5
 Starburst                Conj/Fire      17%        6d6       71%         6
 Metabolic Englaciation   Hex/Ice        3%         N/A       92%         5
 Plasma Beam              Fire/Air       12%        2x1d23    94%         6
 Simulacrum               Ice/Necr       3%         N/A       100%        6
 Lehudib's Crystal Spear  Conj/Erth      16%        10d5      100%        8


Dungeon Overview and Level Annotations

Branches:
Dungeon (9/15)             Temple (1/1) D:5            Lair (0/5) D:8
    Orc: D:9-12

Altars:
Ashenzari
Cheibriados
Dithmenos
Elyvilon
Fedhas
Gozag
Hepliaklqana
Kikubaaqudgha
Makhleb
Okawaru
Qazlal
Ru
Sif Muna
Trog
Uskayaw
Vehumet
Wu Jian
Xom
Yredelemnul
Zin
The Shining One
Lugonu

Shops:
D:8 !


Message History

Nothing appears to happen.
The ice dragon bites you but does no damage.
The ice dragon claws you! The ice dragon closely misses you.
Unknown command.
You feel much better.
The ice dragon bites you but does no damage.
The ice dragon claws you. The ice dragon tramples you!
You stumble backwards!
Unknown command.
Okay, then.
You fail to use your ability.
The ice dragon breathes frost at you. The blast of cold misses you.
You hear a shout! x3
Unknown command.
The ice dragon bites you. The ice dragon claws you.
The ice dragon tramples you but does no damage.
Unknown command.
Casting: Stone Arrow (mildly dangerous; 2% risk of failure)
Confirm with . or Enter, or press ? or * to list all spells.
Aiming: Stone Arrow (mildly dangerous; 2% risk of failure)
Press: ? - help, Shift-Dir - straight line, f/p - ice dragon
Aim: an ice dragon shaped shifter (severely wounded, catching its breath, 81% to hit)
The stone arrow hits the ice dragon!
The ice dragon is severely wounded.
The ice dragon bites you!
* * * LOW HITPOINT WARNING * * *
The ice dragon closely misses you. The ice dragon tramples you!
* * * LOW HITPOINT WARNING * * *
You stumble backwards!
Casting: Stone Arrow (mildly dangerous; 2% risk of failure)
Confirm with . or Enter, or press ? or * to list all spells.
Aiming: Stone Arrow (mildly dangerous; 2% risk of failure)
Press: ? - help, Shift-Dir - straight line, f/p - ice dragon
Aim: an ice dragon shaped shifter (severely wounded, catching its breath, 81% to hit)
The stone arrow hits the ice dragon.
The ice dragon is almost dead.
The ice dragon bites you!
* * * LOW HITPOINT WARNING * * *
The ice dragon claws you!
You die...

######### .......@#
###########D#
#......# #.# #.####.#
#.# #.#..#.# #.#
#...<#.# #.#
.#######.## #(#
......†...###(#######
.[.........#........#


You could see an ice dragon shaped shifter (catching breath).

Vanquished Creatures
  A centaur warrior (D:9)
  An arcanist (D:9)
  An ugly thing (D:9)
  Joseph (D:7)
  An unseen horror (D:9)
  A queen bee (shapeshifter) (D:9)
  A troll (D:9)
  Sigmund (D:4)
  A shadow (D:9)
  Eustachio (D:4)
  A yak (D:9)
  2 steam dragons (D:9)
  An acid dragon (D:9)
  2 water moccasins
  3 orc warriors
  A sky beast (D:7)
  2 ice beasts
  3 black bears (D:6)
  A centaur (D:9)
  A kobold brigand (D:8)
  A phantom (D:4)
  Blork the orc (D:4)
  3 bullfrogs
  2 gnoll sergeants (D:8)
  4 scorpions
  14 wights
  A killer bee (D:9)
  4 howler monkeys
  2 jellies (D:6)
  2 gnoll boudas
  5 orc priests
  4 hounds
  2 iguanas
  8 orc wizards
  Natasha (thrice) (D:3)
  Robin (D:3)
  7 adders
  16 gnolls
  2 white imps
  2 ufetubi (D:7)
  A dart slug (D:1)
  22 orcs
  7 endoplasms
  6 giant cockroaches
  8 hobgoblins
  7 jackals (D:3)
  A quokka (D:1)
  5 ball pythons
  10 bats
  5 frilled lizards
  19 goblins
  11 kobolds
  6 rats
219 creatures vanquished.

Vanquished Creatures (others)
  A foxfire (D:7)
1 creature vanquished.

Grand Total: 220 creatures vanquished

Notes
Turn   | Place    | Note
-------+----------+-------------------------------------------
     0 | D:1      | bmj180 the Human Conjurer began the quest for the Orb.
     0 | D:1      | Reached XP level 1. HP: 13/13 MP: 3/3
   187 | D:1      | Reached XP level 2. HP: 20/20 MP: 3/5
   489 | D:1      | Reached XP level 3. HP: 25/25 MP: 4/6
   493 | D:1      | Learned a level 2 spell: Searing Ray
  1159 | D:2      | Reached XP level 4. HP: 31/31 MP: 4/7
  1313 | D:2      | Reached skill level 1 in Armour
  1349 | D:2      | Found a faded altar of an unknown god.
  1575 | D:3      | Reached skill level 1 in Fighting
  1598 | D:3      | Identified the +0 kite shield "Fonul" {Int+3}
  1780 | D:3      | Reached XP level 5. HP: 37/37 MP: 1/8
  1954 | D:3      | Reached skill level 5 in Conjurations
  2138 | D:3      | Found a snail-covered altar of Cheibriados.
  2138 | D:3      | Found a white marble altar of Elyvilon.
  2140 | D:3      | Found a blossoming altar of Fedhas.
  2142 | D:3      | Found a radiant altar of Vehumet.
  2486 | D:3      | Noticed Natasha
  2488 | D:3      | Killed Natasha
  2489 | D:3      | Reached XP level 6. HP: 43/43 MP: 5/10
  2548 | D:3      | Found an opulent altar of Gozag.
  2560 | D:3      | Found an ancient bone altar of Kikubaaqudgha.
  2623 | D:3      | Reached skill level 1 in Air Magic
  2664 | D:3      | Noticed Robin
  2832 | D:3      | Killed Robin
  2833 | D:3      | Reached skill level 1 in Poison Magic
  3120 | D:4      | Noticed Blork the orc
  3153 | D:3      | Noticed Natasha
  3160 | D:3      | Killed Natasha
  3258 | D:3      | Noticed Natasha
  3265 | D:3      | Killed Natasha
  3409 | D:4      | Reached XP level 7. HP: 44/49 MP: 2/11
  3761 | D:4      | Noticed Sigmund
  3774 | D:4      | Killed Sigmund
  3775 | D:4      | Reached skill level 1 in Earth Magic
  3925 | D:4      | Reached skill level 1 in Fire Magic
  4069 | D:4      | Found a sacrificial altar of Ru.
  4192 | D:4      | Found an ornate altar of the Wu Jian Council.
  4417 | D:4      | Noticed Eustachio
  4438 | D:4      | Killed Eustachio
  4439 | D:4      | Reached skill level 1 in Throwing
  4439 | D:4      | Reached XP level 8. HP: 26/56 MP: 10/13
  4644 | D:4      | Killed Blork the orc
  4741 | D:4      | Learned a level 1 spell: Foxfire
  4774 | D:5      | Entered Level 5 of the Dungeon
  4810 | D:5      | Reached skill level 6 in Conjurations
  5344 | D:5      | Found a staircase to the Ecumenical Temple.
  5353 | Temple   | Entered the Ecumenical Temple
  5368 | Temple   | Became a worshipper of Sif Muna the Loreminder
  5449 | D:5      | Found a hazy altar of Hepliaklqana.
  5583 | D:5      | Found an iron altar of Okawaru.
  6420 | D:6      | Reached XP level 9. HP: 57/62 MP: 10/15
  6522 | D:6      | Learned a level 2 spell: Poisonous Vapours
  6526 | D:6      | Learned a level 3 spell: Stone Arrow
  6626 | D:6      | Reached skill level 1 in Evocations
  6857 | D:5      | Reached skill level 1 in Invocations
  7730 | D:6      | Reached skill level 5 in Spellcasting
  8286 | D:7      | Noticed Joseph
  8300 | D:7      | Paralysed by Joseph for 3 turns
  8552 | D:7      | Reached * piety under Sif Muna
  8687 | D:7      | Paralysed by Joseph for 2 turns
  8693 | D:7      | Killed Joseph
  8694 | D:7      | Reached skill level 7 in Conjurations
  8842 | D:7      | Reached XP level 10. HP: 70/70 MP: 11/18
  9136 | D:7      | Found a hide-covered altar of Uskayaw.
 10636 | D:8      | Found a staircase to the Lair.
 11331 | D:8      | Found a shimmering altar of Xom.
 11352 | D:8      | Found Razuir's Distillery.
 11361 | D:8      | Bought a potion of curing for 42 gold pieces
 11388 | D:8      | Reached ** piety under Sif Muna
 11688 | D:9      | Reached skill level 1 in Maces & Flails
 11796 | D:9      | Identified the +7 mace of the Imperium {freeze, Fragile
                  | rElec rPois rF+}
 11801 | D:9      | Identified the staff of a wizard's laboratory {rC+ rN+++
                  | Int+4 Dex-3 Ice}
 11801 | D:9      | Noticed an arcanist
 11801 | D:9      | Noticed a skeletal warrior
 11941 | D:9      | Noticed a centaur warrior
 11954 | D:9      | Killed a centaur warrior
 12134 | D:9      | Noticed an unseen horror
 12140 | D:9      | Killed an unseen horror
 12141 | D:9      | Reached skill level 5 in Armour
 12141 | D:9      | Reached XP level 11. HP: 74/76 MP: 4/20
 12240 | D:9      | Killed an arcanist
 12241 | D:9      | Reached skill level 8 in Conjurations
 12331 | D:9      | Noticed a centaur warrior
 12331 | D:9      | Noticed a cyan ugly thing
 12396 | D:9      | Noticed a green ugly thing
 12441 | D:9      | Killed a green ugly thing
 12693 | D:9      | Noticed a fire dragon
 12702 | D:9      | a fire dragon changed into a boulder beetle
 12702 | D:9      | Noticed a boulder beetle (shapeshifter)
 12718 | D:9      | a boulder beetle changed into an ice dragon
 12718 | D:9      | Noticed an ice dragon (shapeshifter)
 12726 | D:9      | HP: 3/77 [ice dragon (shapeshifter) (11)]
 12726 | D:9      | Slain by an ice dragon (shapeshifter)

Illustrated notes

Levels and vault maps discovered:
D:1:      psy_arrival_statuary, layout_basic
D:2:      layout_rooms, ebering_ecumenical_altar_petrified
D:3:      layout_basic, minitemple, nicolae_overflow_squiral,
          hangedman_decor_growths, uniq_robin, uniq_natasha
D:4:      layout_loops_cross, amcnicky_altar_gilded,
          nicolae_ru_sacrificial_ziggurat, kennysheep_generic_room_15,
          uniq_eustachio, uniq_sigmund, uniq_blork_the_orc
D:5:      layout_basic, kennysheep_little_box, mainiacjoe_overflow_paths,
          lemuel_temple_firewalk_a, chequers_serial_rivers_small_3
D:6:      layout_basic, kennysheep_cross_bottleneck, interstate_on_off
D:7:      layout_basic, nicolae_uskayaw_suspiria, uniq_joseph
D:8:      layout_cave_pools, lemuel_coloured_pillars_altar, lair_entry_dummy,
          serial_shops, nicolae_shop_advertising_works
          [nicolae_subvault_shop_adworks]
D:9:      minmay_the_grid_octo_2x2 [minmay_the_grid_octo_pinwheel,
          minmay_the_grid_octo_clover_2, minmay_the_grid_octo_odd_swirl,
          minmay_the_grid_octo_prize_square_snowflake], layout_basic,
          david_orc_2, lightli_corner_chamber
Temple:   corrupted_temple

Skill      XL: |  1  2  3  4  5  6  7  8  9 10 11 |
---------------+----------------------------------+-----
Armour         | 1 2 3 4 5 |  5.1
Fighting       | 1 2 3 4 |  4.0
Conjurations   | 5 6 7 8 |  8.1
Air Magic      | 1 2 3 4 |  4.0
Poison Magic   | 1 2 3 |  3.4
Spellcasting   | 3 4 5 6 7 |  7.0
Earth Magic    | 1 2 3 |  3.7
Fire Magic     | 1 2 3 |  3.9
Throwing       | 1 2 3 4 |  4.0
Dodging        | 3 |  3.5
Stealth        | 3 |  3.3
Evocations     | 2 3 |  3.3
Invocations    | 2 3 |  3.6
Maces & Flails | 2 |  2.8
Short Blades   | |  0.3

Action                     |  1- 3 |  4- 6 |  7- 9 | 10-12 || total
---------------------------+-------+-------+-------+-------++-------
  Melee: Short sword       |     9 |       |       |       ||     9
         Mace              |       |    18 |     7 |     1 ||    26
         Flail             |       |       |       |     8 ||     8
         War axe           |       |       |       |     3 ||     3
  Throw: Dart              |       |       |     2 |     4 ||     6
   Cast: Magic Dart        |    60 |    75 |    79 |       ||   214
         Searing Ray       |       |    13 |    54 |     2 ||    69
         Stone Arrow       |       |       |     5 |   135 ||   140
         Poisonous Vapours |       |       |     2 |    10 ||    12
         Foxfire           |       |       |     1 |       ||     1
 Invoke: Channel Magic     |       |       |       |     2 ||     2
  Evoke: Wand              |       |       |       |     8 ||     8
    Use: Potion            |       |       |     3 |     1 ||     4
         Scroll            |       |       |       |    10 ||    10
 Armour: Robe              |     6 |    53 |    99 |    23 ||   181
         Steam dragon scal |       |       |       |    47 ||    47
  Dodge: Dodged            |     6 |    57 |    87 |    51 ||   201

Table legend: (Time is in decaauts)
 A = Elapsed time spent in this place.
 B = Non-inter-level travel time spent in this place.
 C = Inter-level travel time spent in this place.
 D = Time resting spent in this place.
 E = Time spent auto-exploring this place.
 F = Levels seen in this place.
 G = Mean time per level.
                   A        B        C        D        E       F      G
               +--------+--------+--------+--------+--------+-----+--------+
         Total |  12764 |  12125 |    639 |   3577 |   6015 |  10 | 1276.4 |
       Dungeon |  12735 |  12122 |    613 |   3577 |   6015 |   9 | 1415.0 |
        Temple |     28 |      2 |     26 |      0 |      0 |   1 |   28.0 |
               +--------+--------+--------+--------+--------+-----+--------+

Top non-repeatable levels by time:
     D:7: 2120 daAuts
     D:5: 1774 daAuts
     D:3: 1635 daAuts
     D:6: 1602 daAuts
     D:8: 1591 daAuts
     D:4: 1262 daAuts
     D:1: 1013 daAuts
     D:2: 876 daAuts
     D:9: 859 daAuts
  Temple: 28 daAuts
